 Dungeon Crawl Stone Soup version 0.26-a0-438-g4b1dca4f87 (webtiles) character file.

Game seed: 1132009554051133536

769 Misa the Magician (level 7, -1/40 HPs)
             Began as a Deep Elf Fire Elementalist on July 26, 2020.
             Slain by a scorpion (7 damage)
             ... in an ossuary.
             The game lasted 00:09:46 (4389 turns).

Misa the Magician (Deep Elf Fire Elementalist)      Turns: 4389, Time: 00:09:47

Health: -1/40      AC:  4    Str:  5    XL:     7   Next: 52%
Magic:  18/27      EV: 13    Int: 22    God:
Gold:   334        SH:  0    Dex: 15    Spells: 14/18 levels left

rFire    + + .     SeeInvis .   p - +0 hunting sling
rCold    . . .     Faith    .   (no shield)
rNeg     . . .     Spirit   .   m - +2 robe {rC+ rF+}
rPois    .         Reflect  .   (no helmet)
rElec    .         Harm     .   (no cloak)
rCorr    .                      (no gloves)
MR       .....                  (no boots)
Stlth    ++........             (no amulet)
HPRegen  0.13/turn              x - ring of fire
MPRegen  0.20/turn              a - ring of magical power

@: lethally poisoned (-1 -> -6)
A: no striking features
a: no special abilities


You were in an ossuary.
You visited 1 branch of the dungeon, and saw 4 of its levels.
You also visited: Ossuary.

You collected 334 gold pieces.

Inventory:

Hand Weapons
 e - a +0 dagger
 p - a +0 hunting sling (weapon)
Missiles
 q - 19 stones (quivered)
 t - 16 poisoned darts
Armour
 m - a +2 robe of resistance (worn)
Jewellery
 a - a ring of magical power (right hand)
 d - a +6 ring of strength
 k - a +4 ring of slaying
 x - a ring of fire (left hand)
Scrolls
 b - 2 scrolls of identify {unknown}
 c - 5 scrolls of enchant weapon {unknown}
 f - 5 scrolls of remove curse {unknown}
 g - 5 scrolls of amnesia {unknown}
 h - 3 scrolls of teleportation {unknown}
 l - 4 scrolls of blinking {unknown}
 n - 4 scrolls of magic mapping {unknown}
 o - a scroll of noise {unknown}
 r - a scroll of fog {unknown}
 s - 2 scrolls of enchant armour {unknown}
 w - a scroll of fear {unknown}
Potions
 i - 3 potions of heal wounds {unknown}
 j - a potion of haste {unknown}
 u - a potion of ambrosia {unknown}
 v - a potion of curing {unknown}
 z - a potion of might {unknown}


   Skills:
 + Level 2.7 Fighting
 - Level 2.4 Dodging
 - Level 2.4 Stealth
 + Level 6.4 Spellcasting
 + Level 4.7 Conjurations
 + Level 5.8 Fire Magic


You had 14 spell levels left.
You knew the following spells:

 Your Spells              Type           Power        Failure   Level
a - Foxfire               Conj/Fire      ####         1%          1
b - Conjure Flame         Conj/Fire      #####...     3%          3

Your spell library contained the following spells:

 Spells                   Type           Power        Failure   Level
 Inner Flame              Hex/Fire       ####....     8%          3
 Sticky Flame             Conj/Fire      #####...     10%         4
 Fireball                 Conj/Fire      #####.....   28%         5


Dungeon Overview and Level Annotations

Branches:
Dungeon (4/15)            Ossuary (1/1)
 Temple: D:4-7

Altars:
Hepliaklqana
Ru


Message History

Casting: Foxfire (safe; 1% risk of failure)
Confirm with . or Enter, or press ? or * to list all spells.
You feel a surge of power!
You conjure some foxfire!
You feel sick.
The foxfire hits the scorpion but does no damage.
The scorpion is almost dead.
The foxfire hits the scorpion.
The scorpion is heavily wounded.
The scorpion stings you but does no damage.
The scorpion closely misses you.
Casting: Foxfire (safe; 1% risk of failure)
Confirm with . or Enter, or press ? or * to list all spells.
You feel a surge of power!
You conjure some foxfire!
The foxfire hits the centaur zombie.
The centaur zombie is lightly damaged.
The foxfire hits the centaur zombie!
The centaur zombie is moderately damaged.
The scorpion stings you!
* * * LOW HITPOINT WARNING * * *
The centaur zombie barely misses you. The scorpion stings you!
You die...

^'...8...#^.^'...'^^^#
^#.......#.^^#...#^^^#
###8...8###'##########
M#.......#...#...#M?.#
.#...8...#...8...#?..#
?#...#...#.......#!?!#
###########8...8###'##
^^^^^^^#......v#...#
^^^^^^^'...8.Z@sM..#
^^^^^^^#...#.vs#Z..#
################ ###


You could see a mummy, 2 scorpions and 2 centaur zombies.

Vanquished Creatures
  A sky beast (D:3)
  5 scorpions (Ossuary)
  4 centaur zombies (Ossuary)
  A human zombie (Ossuary)
  A gnoll shaman (D:4)
  An orc wizard (D:2)
  2 big kobold zombies (Ossuary)
  A mummy (Ossuary)
  3 gnolls (D:4)
  4 adders
  4 scorpion zombies (Ossuary)
  An ooze (D:3)
  2 worms
  3 leopard geckos
  2 orcs (D:3)
  8 giant cockroaches
  A gnoll zombie (Ossuary)
  6 hobgoblins
  7 bats
  2 frilled lizards
  6 goblins
  2 goblin zombies (Ossuary)
  2 hobgoblin zombies (Ossuary)
  6 kobolds
  2 orc zombies (Ossuary)
  7 rats
84 creatures vanquished.

Vanquished Creatures (others)
  478 foxfires
478 creatures vanquished.

Grand Total: 562 creatures vanquished

Notes
Turn   | Place    | Note
-------+----------+-------------------------------------------
     0 | D:1      | Misa the Deep Elf Fire Elementalist began the quest for the
                  | Orb.
     0 | D:1      | Reached XP level 1. HP: 10/10 MP: 6/6
   259 | D:1      | Reached XP level 2. HP: 15/15 MP: 2/8
  1232 | D:2      | Found a sacrificial altar of Ru.
  1254 | D:2      | Reached skill level 4 in Spellcasting
  1254 | D:2      | Reached XP level 3. HP: 2/19 MP: 0/10
  2090 | D:2      | Reached XP level 4. HP: 24/24 MP: 12/12
  2124 | D:2      | Found a hazy altar of Hepliaklqana.
  2744 | D:3      | Noticed a sky beast
  2752 | D:3      | Killed a sky beast
  2752 | D:3      | Reached skill level 1 in Fighting
  2752 | D:3      | Reached XP level 5. HP: 29/29 MP: 14/14
  2902 | D:3      | Reached skill level 5 in Spellcasting
  3185 | D:3      | Learned a level 3 spell: Conjure Flame
  3247 | D:4      | Reached XP level 6. HP: 25/34 MP: 12/15
  3407 | D:4      | Found a sand-covered staircase.
  3425 | Ossuary  | Entered an ossuary
  3439 | Ossuary  | Reached skill level 5 in Fire Magic
  3722 | Ossuary  | Reached XP level 7. HP: 24/40 MP: 17/17
  3859 | Ossuary  | Reached skill level 6 in Spellcasting
  4389 | Ossuary  | Slain by a scorpion

Illustrated notes

Levels and vault maps discovered:
D:1:      dpeg_arrival_brainrot, layout_basic
D:2:      layout_rooms, nicolae_ru_great_annihilating_truth, marbit_many_paths
D:3:      layout_loops_ring
D:4:      layout_loops_cross, chequers_ossuary_entry_cave, serial_shops,
          nicolae_shop_crystal, grunt_ministairs_6,
          chequers_serial_rivers_micro_b, wad_woods_river_04
Ossuary:  ossuary_minmay_scorpions

Skill      XL: |  1  2  3  4  5  6  7 |
---------------+----------------------+-----
Conjurations   | 2 3 4 |  4.7
Spellcasting   | 4 5 6 |  6.4
Fire Magic     | 4 5 |  5.8
Fighting       | 1 2 |  2.7
Dodging        | |  2.4
Stealth        | |  2.4

Action                   |  1- 3 |  4- 6 |  7- 9 || total
-------------------------+-------+-------+-------++-------
Melee: Dagger            |     8 |       |       ||     8
 Fire: Hunting sling     |     1 |     2 |       ||     3
 Cast: Foxfire           |    77 |   132 |    82 ||   291
 Stab: Paralysed         |     1 |       |       ||     1
Armor: Robe              |     3 |     2 |     3 ||     8
Dodge: Dodged            |    17 |     9 |    20 ||    46

Table legend: (Time is in decaauts)
 A = Elapsed time spent in this place.
 B = Non-inter-level travel time spent in this place.
 C = Inter-level travel time spent in this place.
 D = Time resting spent in this place.
 E = Time spent auto-exploring this place.
 F = Levels seen in this place.
 G = Mean time per level.
                   A        B        C        D        E       F      G
               +--------+--------+--------+--------+--------+-----+--------+
         Total |   4384 |   4327 |     57 |   1056 |   2460 |   5 |  876.8 |
       Dungeon |   3421 |   3364 |     57 |    430 |   2460 |   4 |  855.2 |
       Ossuary |    962 |    962 |      0 |    626 |      0 |   1 |  962.0 |
               +--------+--------+--------+--------+--------+-----+--------+

Top non-repeatable levels by time:
     D:1: 1199 daAuts
     D:2: 1084 daAuts
 Ossuary: 962 daAuts
     D:3: 937 daAuts
     D:4: 200 daAuts
